 Dungeon Crawl Stone Soup version 0.28-a0-620-g539b0f7ac7 (webtiles) character file.

Game seed: 8871185683130497403

19800 rogsnak the Destroyer (level 12, 0/80 HPs)
             Began as a Barachi Air Elementalist on Oct 6, 2021.
             Was an Elder of Sif Muna.
             Succumbed to a redback's poison
             ... in a Gauntlet on Oct 7, 2021.
             The game lasted 01:07:52 (17523 turns).

rogsnak the Destroyer (Barachi Air Elementalist)   Turns: 17523, Time: 01:07:53

Health: 0/80       AC: 16    Str: 11    XL:     12   Next: 72%
Magic:  9/27       EV: 13    Int: 22    God:    Sif Muna [****..]
Gold:   708        SH:  0    Dex: 15    Spells: 13/33 levels left

rFire   . . .      SeeInvis .   z - +3 lajatang of Outrage {drain, Str+2 Int+3}
rCold   . . .      Faith    .   (shield currently unavailable)
rNeg    . . .      Spirit   .   H - +0 acid dragon scales
rPois   .          Reflect  .   (no helmet)
rElec   .          Harm     .   d - +2 cloak
rCorr   +          Rampage  .   q - +0 pair of gloves
Will    .....      NoTele   +   o - +0 pair of boots
Stlth   ++........              x - amulet of regeneration
HPRegen 1.23/turn               T - +4 ring of protection
MPRegen 0.20/turn               (no ring)

@: lethally poisoned (0 -> -3), unable to hop, slow
A: amphibious, slowness 1, strong legs 1, +LOS
a: Hop, Renounce Religion, Channel Magic, Forget Spell, Divine Exegesis


You were in a Gauntlet.
You worshipped Sif Muna.
Sif Muna was greatly pleased with you.
You visited 2 branches of the dungeon, and saw 14 of its levels.
You also visited: Gauntlet.

You collected 1248 gold pieces.
You spent 540 gold pieces at shops.

Inventory:

Hand Weapons
 a - the +6 short sword of Eternity {vorpal, rN++ Str+4 Dex+2}
   (You found it on level 6 of the Dungeon)

   It inflicts extra damage upon your enemies.
   Str:       It affects your strength (+4).
   Dex:       It affects your dexterity (+2).
   rN:        It greatly protects you from negative energy.
 z - the +3 lajatang of Outrage (weapon) {drain, Str+2 Int+3}
   (You bought it in a shop on level 12 of the Dungeon)

   A truly terrible weapon, it drains the life of any living foe it strikes.
   Str:       It affects your strength (+2).
   Int:       It affects your intelligence (+3).
 J - a +3 short sword of venom
 Q - a +2 flail of holy wrath
 U - a +0 whip of electrocution
Missiles
 D - 3 atropa-tipped darts
 M - 4 curare-tipped darts
 V - a boomerang of dispersal
Armour
 d - a +2 cloak (worn)
 m - +0 fire dragon scales
 o - a +0 pair of boots (worn)
 q - a +0 pair of gloves (worn)
 H - +0 acid dragon scales (worn)
 O - a +2 leather armour of cold resistance
 W - a +0 buckler
 Y - a +1 robe of cold resistance
Magical Staves
 Z - a staff of cold
Jewellery
 h - the ring of Autumn {rN++ Will+ Str+6 Int-3}
   (You found it in a Gauntlet)

   [ring of strength]

   Str:       It affects your strength (+6).
   Int:       It affects your intelligence (-3).
   rN:        It greatly protects you from negative energy.
   Will:      It increases your willpower.
 x - an amulet of regeneration (around neck)
 T - a +4 ring of protection (left hand)
Wands
 l - a wand of charming (5)
 v - a wand of flame (59)
 P - a wand of iceblast (15)
 X - a wand of polymorph (8)
Scrolls
 c - a scroll of noise {unknown}
 f - 4 scrolls of fear {unknown}
 k - 4 scrolls of teleportation
 n - a scroll of fog {unknown}
 t - a scroll of torment {unknown}
 w - 4 scrolls of enchant weapon {unknown}
 C - a scroll of summoning
 E - 4 scrolls of enchant armour {unknown}
 N - a scroll of blinking
 R - a scroll of holy word
Potions
 b - 3 potions of heal wounds {unknown}
 e - 6 potions of ambrosia
 g - 7 potions of curing
 r - 4 potions of berserk rage {unknown}
 s - a potion of flight
 u - 4 potions of degeneration {unknown}
 B - a potion of haste
 F - 4 potions of resistance {unknown}
 K - a potion of magic
 S - a potion of lignification


   Skills:
 + Level 2.6 Fighting
 - Level 2.3 Short Blades
 + Level 0.8 Staves
 + Level 4.2 Armour
 + Level 4.9 Dodging
 - Level 2.0 Stealth
 + Level 11.4 Spellcasting
 * Level 14.2 Conjurations
 + Level 9.1 Air Magic
 + Level 5.6 Earth Magic


You had 13 spell levels left.
You knew the following spells:

 Your Spells              Type           Power      Damage    Failure   Level
a - Shock                 Conj/Air       100%       1d9       1%          1
b - Airstrike             Air            26%        N/A       1%          4
c - Stone Arrow           Conj/Erth      100%       3d13      1%          3
d - Swiftness             Air            52%        N/A       1%          3
e - Iskenderun's Battles  Conj           66%        2d12      1%          5
f - Sticky Flame          Conj/Fire      44%        2d6       4%          4

Your spell library contained the following spells:

 Spells                   Type           Power      Damage    Failure   Level
 Sandblast                Erth           74%        2d16      1%          1
 Corpse Rot               Necr/Air       N/A        N/A       1%          2
 Poisonous Vapours        Pois/Air       64%        N/A       1%          2
 Static Discharge         Conj/Air       59%        N/A       1%          2
 Conjure Flame            Conj/Fire      44%        6-21      1%          3
 Passwall                 Tmut/Erth      20%        N/A       3%          2
 Animate Skeleton         Necr           24%        N/A       8%          1
 Pain                     Necr           48%        1d6       8%          1
 Irradiate                Conj/Tmut      22%        3d20      12%         5
 Iron Shot                Conj/Erth      27%        9d6       21%         6
 Frozen Ramparts          Ice            24%        1d4       24%         3
 Ignite Poison            Fire/Tmut/Pois 12%        N/A       24%         3
 Inner Flame              Hex/Fire       12%        N/A       24%         3
 Vampiric Draining        Necr           6%         2d6       24%         3
 Cause Fear               Hex            6%         N/A       61%         4
 Ice Form                 Ice/Tmut       12%        N/A       61%         4
 Summon Ice Beast         Ice/Summ       12%        N/A       61%         4
 Blade Hands              Tmut           6%         N/A       91%         5
 Spellforged Servitor     Conj/Summ      22%        N/A       98%         7
 Dragon Form              Tmut           6%         N/A       100%        7
 Discord                  Hex            6%         N/A       100%        8


Dungeon Overview and Level Annotations

Branches:
Dungeon (13/15)            Temple (1/1) D:5            Lair (0/6) D:10
    Orc (0/2) D:10        Gauntlet (1/1)
 Vaults: D:13-14

Altars:
Ashenzari
Cheibriados
Dithmenos
Elyvilon
Fedhas
Gozag
Hepliaklqana
Kikubaaqudgha
Makhleb
Nemelex Xobeh
Okawaru
Qazlal
Ru
Sif Muna
Trog
Uskayaw
Vehumet
Wu Jian
Xom
Yredelemnul
Zin
The Shining One

Shops:
D:8 :   D:9 [   D:12 (

Portals:
Trove: D:12 (give 5 potions of resistance)

Annotations:
Gauntlet 8 transporters


Innate Abilities, Weirdness & Mutations

You are amphibious.
You cover ground slowly.
You can hop short distances.
You have an extended range of vision and can be seen from far away.


Message History

Hop to where?
Press: ? - help, Dir - move target Boing!
* * * LOW HITPOINT WARNING * * *
You feel very sick.
Unknown command.
Unknown command.
Unknown command.
Unknown command.
Unknown command.
Aiming: Charm
Press: ? - help, Shift-Dir - straight line, f - redback
Aim: a redback (berserk, chance to affect: 46%)
The redback is charmed.
* * * LOW HITPOINT WARNING * * *
You feel very sick.
The redback closely misses your redback.
Your redback bites the redback!!
The redback bites your redback.
Your redback looks as sick as possible!
The redback poisons your redback!
Your redback bites the redback!!
The redback dies!
Sif Muna accepts your kill.
Unknown command.
Unknown command.
What are your orders? t - Croak!
Orders for allies: a - Attack new target. p - Attack previous target. r - Retreat! s - Stop attacking. g - Guard the area. f - Follow me.
Anything else - Cancel.
Retreat in which direction?
Press: ? - help, Dir - move target, p - redback Fall back!
* * * LOW HITPOINT WARNING * * *
You feel very sick.
Unknown command.
You swap places.
* * * LOW HITPOINT WARNING * * *
You feel very sick.
You die...

#.#.##...(#.#B##....#...≈##
#.#5#.##..#.#########...≈≈#
#©#.#.©#.©#©#.........♣.≈##
###.##..#.#.#########...##
..#..####.#.#.......#...≈##
..#.......#.#..##..}#.P.≈≈#
..#########.##..##[$#.♣.≈##
#.........#©###.©##©#...##
#≈..♣P♣.♣.###.##@†###...≈##
#≈≈...PPP...#..##..##...≈≈#
####...P..♣.#....s..#.♣.≈##
#≈..P..P.#########...##
#≈≈..................≈#
####≈≈≈#≈≈≈#≈≈≈#≈≈≈#≈≈≈#
##≈###≈###≈###≈###≈## ###
### ### ### ##


You could see an entropy weaver and a friendly redback (charmed, berserk,
extremely poisoned).

Vanquished Creatures
  2 hydras
  Fannar (D:11)
  A catoblepas (D:13)
  A two-headed ogre (D:10)
  A deep elf pyromancer (D:12)
  4 cyclopes
  A moth of wrath (Gauntlet)
  A manticore (D:11)
  Maggie (D:6)
  A komodo dragon (shapeshifter) (D:13)
  A tengu conjurer (D:12)
  A queen bee (D:12)
  3 trolls
  3 meliai (D:12)
  Prince Ribbit (D:5)
  3 slime creatures (D:13)
  Sigmund (D:4)
  2 wraiths
  2 shadows
  A wyvern (D:7)
  A ynoxinul (Gauntlet)
  24 yaks
  A steam dragon (D:7)
  4 vampire mosquitoes (D:11)
  Menkaure (D:5)
  3 wargs (D:10)
  A water moccasin (D:7)
  Duvessa (D:6)
  4 orc warriors
  An ice beast (D:7)
  3 necrophages
  2 sky beasts
  6 ogres
  2 centaurs (D:9)
  A wyvern zombie (D:7)
  2 bullfrogs (D:8)
  A scorpion (D:5)
  A gnoll sergeant (D:8)
  Dowan (D:6)
  25 killer bees
  6 wights
  A howler monkey (D:12)
  3 centaur zombies
  2 centaur skeletons
  3 hounds
  5 jellies
  2 bullfrog skeletons
  8 orc priests
  A gnoll shaman (D:8)
  3 iron imps (Gauntlet)
  2 iguanas
  3 orc wizards
  A scorpion zombie (D:5)
  A howler monkey zombie (D:7)
  11 adders
  4 gnolls (D:8)
  A shadow imp (D:8)
  2 white imps
  An ufetubus (D:5)
  A worm (D:4)
  A dart slug (D:3)
  32 orcs
  6 ball pythons
  3 endoplasms
  5 giant cockroaches
  6 goblins
  2 hobgoblins
  6 jackals (D:1)
  A quokka (D:2)
  4 bats
  A frilled lizard (D:1)
  3 kobolds
  5 rats
  A spectral orc (D:10)
254 creatures vanquished.

Vanquished Creatures (collateral kills)
  A redback (Gauntlet)
1 creature vanquished.

Vanquished Creatures (others)
  4 demonic plants (Gauntlet)
  3 withered plants (D:11)
7 creatures vanquished.

Grand Total: 262 creatures vanquished

Notes
Turn   | Place    | Note
-------+----------+-------------------------------------------
     0 | D:1      | rogsnak the Barachi Air Elementalist began the quest for
                  | the Orb.
     0 | D:1      | Reached XP level 1. HP: 13/13 MP: 3/3
   276 | D:1      | Reached XP level 2. HP: 19/19 MP: 1/5
   967 | D:1      | Reached XP level 3. HP: 19/24 MP: 2/6
  1494 | D:2      | Reached skill level 2 in Conjurations
  1971 | D:2      | Found a faded altar of an unknown god.
  2617 | D:3      | Reached XP level 4. HP: 25/30 MP: 2/8
  2800 | D:3      | Reached skill level 3 in Conjurations
  3295 | D:3      | Reached XP level 5. HP: 35/35 MP: 3/9
  3349 | D:3      | Learned a level 4 spell: Airstrike
  3353 | D:3      | Learned a level 3 spell: Stone Arrow
  3412 | D:3      | Found a snail-covered altar of Cheibriados.
  3693 | D:4      | Noticed a necrophage
  3707 | D:4      | Killed a necrophage
  3708 | D:4      | Reached skill level 1 in Short Blades
  3708 | D:4      | Reached skill level 1 in Earth Magic
  3818 | D:4      | Noticed an ogre
  3898 | D:4      | Killed an ogre
  3899 | D:4      | Reached skill level 4 in Conjurations
  3899 | D:4      | Reached XP level 6. HP: 18/41 MP: 1/11
  4157 | D:4      | Noticed Sigmund
  4168 | D:4      | Killed Sigmund
  4169 | D:4      | Reached XP level 7. HP: 22/47 MP: 1/12
  4372 | D:4      | Learned a level 3 spell: Swiftness
  4435 | D:4      | Found a shadowy altar of Dithmenos.
  4567 | D:4      | Found a broken altar of Ashenzari.
  4572 | D:4      | Saw a vision of the Swamp and the Snake Pit.
  4572 | D:4      | Noticed a black mamba
  4572 | D:4      | Noticed a mana viper
  4572 | D:4      | Noticed a naga sharpshooter
  4572 | D:4      | Noticed a naga
  4572 | D:4      | Noticed a naga mage
  4572 | D:4      | Noticed a naga ritualist
  4572 | D:4      | Noticed a black mamba
  4573 | D:4      | Noticed a naga
  4642 | D:5      | Entered Level 5 of the Dungeon
  4642 | D:5      | Noticed Menkaure
  4788 | D:5      | Noticed Prince Ribbit
  4876 | D:5      | Found a basalt altar of Yredelemnul.
  4955 | D:5      | Killed Menkaure
  4956 | D:5      | Reached skill level 5 in Conjurations
  5218 | D:5      | Found a staircase to the Ecumenical Temple.
  5228 | Temple   | Entered the Ecumenical Temple
  5298 | Temple   | Became a worshipper of Sif Muna the Loreminder
  5322 | D:5      | Reached skill level 5 in Air Magic
  5481 | D:5      | Reached XP level 8. HP: 53/53 MP: 9/15
  5526 | D:5      | Found an ancient bone altar of Kikubaaqudgha.
  5527 | D:5      | Found a burning altar of Makhleb.
  5530 | D:5      | Found a glowing golden altar of the Shining One.
  5869 | D:5      | Killed Prince Ribbit
  5870 | D:5      | Reached skill level 1 in Fighting
  5870 | D:5      | Reached skill level 5 in Spellcasting
  5870 | D:5      | Reached skill level 6 in Conjurations
  6233 | D:5      | Reached skill level 7 in Conjurations
  6262 | D:5      | Learned a level 5 spell: Iskenderun's Battlesphere
  6523 | D:6      | Noticed Maggie
  6623 | D:6      | Killed Maggie
  6624 | D:6      | Reached XP level 9. HP: 44/61 MP: 3/18
  6975 | D:6      | Noticed Duvessa
  7173 | D:6      | Reached * piety under Sif Muna
  7185 | D:6      | Reached skill level 8 in Conjurations
  7189 | D:6      | Reached skill level 1 in Armour
  7423 | D:6      | Noticed Dowan
  7428 | D:6      | Killed Dowan
  7430 | D:6      | Killed Duvessa
  7611 | D:6      | Identified the +6 short sword of Eternity {vorpal, rN++
                  | Str+4 Dex+2}
  8095 | D:7      | Reached XP level 10. HP: 67/67 MP: 1/20
  8218 | D:7      | Noticed a cyclops
  8224 | D:7      | Killed a cyclops
  8225 | D:7      | Reached skill level 9 in Conjurations
  9060 | D:7      | Found a sparkling altar of Nemelex Xobeh.
  9320 | D:8      | Reached ** piety under Sif Muna
  9391 | D:8      | Found Icini's Book Emporium.
  9457 | D:8      | Found an opulent altar of Gozag.
  9934 | D:8      | Upgraded the game from 0.28-a0-612-gcfc00ec14d to
                  | 0.28-a0-620-g539b0f7ac7
 10471 | D:9      | Reached skill level 10 in Conjurations
 10578 | D:9      | Noticed a six-headed hydra
 10583 | D:9      | Killed a six-headed hydra
 10882 | D:9      | Found an ornate altar of the Wu Jian Council.
 11400 | D:9      | Found Yskoy's Antique Armour Emporium.
 11444 | D:9      | Found a stormy altar of Qazlal.
 11523 | D:10     | Entered Level 10 of the Dungeon
 11564 | D:10     | Noticed a two-headed ogre
 11568 | D:10     | Killed a two-headed ogre
 11569 | D:10     | Reached skill level 11 in Conjurations
 11569 | D:10     | Reached XP level 11. HP: 72/72 MP: 17/24
 11578 | D:10     | Learned a level 4 spell: Sticky Flame
 11650 | D:10     | Reached skill level 5 in Earth Magic
 11817 | D:10     | Found a staircase to the Orcish Mines.
 11853 | D:10     | Found a hazy altar of Hepliaklqana.
 11957 | D:10     | Found a blossoming altar of Fedhas.
 12913 | D:10     | Found a staircase to the Lair.
 13023 | D:11     | Noticed Fannar
 13189 | D:11     | Noticed a manticore
 13201 | D:11     | Reached skill level 12 in Conjurations
 13408 | D:11     | Noticed a cyclops
 13411 | D:11     | Killed a cyclops
 13417 | D:11     | Reached *** piety under Sif Muna
 13876 | D:11     | Noticed a cyclops
 13892 | D:11     | Killed a cyclops
 14189 | D:11     | Killed a manticore
 14190 | D:11     | Reached skill level 10 in Spellcasting
 14306 | D:11     | Killed Fannar
 14765 | D:11     | Found an ancient bone altar of Kikubaaqudgha.
 14875 | D:11     | Reached skill level 13 in Conjurations
 14876 | D:11     | Reached XP level 12. HP: 80/80 MP: 5/26
 15249 | D:12     | Found a portal to a secret trove of treasure.
 15987 | D:12     | Noticed a four-headed hydra
 16017 | D:12     | Found Regawy's Antique Weapon Boutique.
 16048 | D:12     | HP: 1/79 [troll (9)]
 16450 | D:12     | Reached **** piety under Sif Muna
 16568 | D:12     | Bought a buzzing lajatang for 540 gold pieces
 16568 | D:12     | Identified the +3 lajatang of Outrage {drain, Str+2 Int+3}
                  | (You bought it in a shop on level 12 of the Dungeon)
 16709 | D:12     | Killed a four-headed hydra
 16842 | D:13     | Noticed a catoblepas
 16848 | D:13     | Killed a catoblepas
 16879 | D:13     | Reached skill level 14 in Conjurations
 17011 | D:13     | Found a gate leading to a gauntlet.
 17085 | Gauntlet | Entered a Gauntlet
 17085 | Gauntlet | Noticed a tengu warrior
 17085 | Gauntlet | Found a transporter.
 17087 | Gauntlet | Found a transporter.
 17089 | Gauntlet | Found a transporter.
 17104 | Gauntlet | Found a transporter.
 17107 | Gauntlet | Found a transporter.
 17120 | Gauntlet | Found a transporter.
 17135 | Gauntlet | Found a transporter.
 17135 | Gauntlet | Noticed a catoblepas
 17142 | Gauntlet | Found a transporter.
 17152 | Gauntlet | Found a transporter.
 17153 | Gauntlet | Noticed a spark wasp
 17153 | Gauntlet | a tyrant leech changed into a spark wasp
 17166 | Gauntlet | Found a transporter.
 17175 | Gauntlet | Found a transporter.
 17177 | Gauntlet | Found a transporter.
 17328 | Gauntlet | Found a transporter.
 17347 | Gauntlet | Identified the ring of Autumn {rN++ Will+ Str+6 Int-3}
 17380 | Gauntlet | Noticed an anaconda
 17380 | Gauntlet | a merfolk changed into an anaconda
 17381 | Gauntlet | an anaconda changed into a wolf spider
 17388 | Gauntlet | Noticed an ettin
 17388 | Gauntlet | a wolf spider changed into an ettin
 17391 | Gauntlet | Noticed a two-headed ogre
 17391 | Gauntlet | an ettin changed into a two-headed ogre
 17395 | Gauntlet | a two-headed ogre changed into a faun
 17427 | Gauntlet | Noticed a death yak
 17427 | Gauntlet | a slime creature changed into a death yak
 17437 | Gauntlet | Noticed a minotaur
 17437 | Gauntlet | a death yak changed into a minotaur
 17441 | Gauntlet | Noticed a bunyip
 17441 | Gauntlet | a minotaur changed into a bunyip
 17446 | Gauntlet | Noticed a great orb of eyes
 17446 | Gauntlet | a bunyip changed into a great orb of eyes
 17446 | Gauntlet | Noticed an anaconda
 17446 | Gauntlet | a great orb of eyes changed into an anaconda
 17449 | Gauntlet | Noticed a shock serpent
 17449 | Gauntlet | a swamp dragon changed into a shock serpent
 17455 | Gauntlet | Noticed an alligator
 17455 | Gauntlet | an anaconda changed into an alligator
 17456 | Gauntlet | Noticed a satyr
 17456 | Gauntlet | an alligator changed into a satyr
 17457 | Gauntlet | a satyr changed into a tyrant leech
 17461 | Gauntlet | Noticed a catoblepas
 17471 | Gauntlet | a catoblepas changed into something unseen
 17476 | Gauntlet | Noticed a storm dragon
 17481 | Gauntlet | Noticed a death yak
 17481 | Gauntlet | a storm dragon changed into a death yak
 17483 | Gauntlet | Noticed a storm dragon
 17483 | Gauntlet | a death yak changed into a storm dragon
 17484 | Gauntlet | Noticed an entropy weaver
 17484 | Gauntlet | a storm dragon changed into an entropy weaver
 17485 | Gauntlet | Noticed a bunyip
 17485 | Gauntlet | a shock serpent changed into a bunyip
 17487 | Gauntlet | Noticed a spark wasp
 17487 | Gauntlet | an entropy weaver changed into a spark wasp
 17492 | Gauntlet | Noticed a satyr
 17492 | Gauntlet | a spark wasp changed into a satyr
 17496 | Gauntlet | Noticed an entropy weaver
 17496 | Gauntlet | a satyr changed into an entropy weaver
 17508 | Gauntlet | an entropy weaver changed into something unseen
 17521 | Gauntlet | HP: 3/80 [poisoned by a redback]
 17522 | Gauntlet | HP: 1/80 [poisoned by a redback]
 17523 | Gauntlet | Noticed an entropy weaver
 17523 | Gauntlet | Succumbed to a redback's poison

Illustrated notes

Levels and vault maps discovered:
D:1:      matt_arrival_grand_opening, layout_basic
D:2:      layout_loops_ring, ebering_ecumenical_altar_mist,
          mrwooster_statue_mirror
D:3:      layout_basic, kennysheep_slug_shrine, st_stairs_1
D:4:      layout_rooms, nicolae_dithmenos_shadow_blocks,
          grunt_ashenzari_visionary [grunt_ashenzari_visionary_swamp,
          grunt_ashenzari_visionary_snake], minmay_strange_pillars, uniq_sigmund
D:5:      layout_loops_cross, mainiacjoe_overflow_paths,
          nicolae_overflow_hidden_temple, minmay_temple_entry_offerings,
          minmay_joined_circles, uniq_menkaure, uniq_prince_ribbit1
D:6:      layout_basic, uniq_maggie, uniq_duvessa
D:7:      layout_basic, mainiacjoe_overflow_alcove_2
D:8:      layout_loops_ring, old_standard_altar, serial_shops, shop,
          kennysheep_opposing_triangles
D:9:      layout_long_grid, nicolae_qazlal_eye_of_the_storm, kennysheep_mini,
          serial_shops, shop, statue_in_the_mist_lemuel, grunt_decor_clamped
D:10:     layout_basic, mainiacjoe_overflow_24_doors,
          nicolae_hepliaklqana_monster_ancestors, erik_lair_orcish_takeover,
          orc_david_3
D:11:     layout_gridville, kiku_gazebo_garden_becter, uniq_fannar
D:12:     layout_roguey [special_room_bee], serial_shops, shop, enter_trove_6
D:13:     layout_grid_maze, ximxim_vaults_locker_room, gauntlet_entry_generic,
          gammafunk_ghost_hive, eat_drink_and_be_merry_uskayaw, uniq_frances
Temple:   nicolae_temple_figure_zero
Gauntlet: minmay_gauntlet_77_tree [minmay_gauntlet_arena_77_mess,
          minmay_gauntlet_arena_77_museum,
          minmay_gauntlet_arena_77_hold_the_fort,
          minmay_gauntlet_arena_77_chump_sandwich,
          minmay_gauntlet_arena_77_radiant_squares,
          minmay_gauntlet_arena_77_fan, minmay_gauntlet_arena_77_two_lines,
          gauntlet_exit_green]

Skill      XL: |  1  2  3  4  5  6  7  8  9 10 11 12 |
---------------+-------------------------------------+-----
Stealth        | 2 |  2.0
Conjurations   | 2 3 4 5 7 8 11 13 14 | 14.2
Air Magic      | 4 5 6 7 8 9 |  9.1
Spellcasting   | 3 4 6 7 9 10 11 | 11.4
Short Blades   | 1 2 |  2.3
Earth Magic    | 1 2 3 4 5 |  5.6
Dodging        | 3 4 |  4.9
Fighting       | 1 2 |  2.6
Armour         | 2 3 4 |  4.2
Staves         | |  0.8

Action                   |  1- 3 |  4- 6 |  7- 9 | 10-12 || total
-------------------------+-------+-------+-------+-------++-------
Melee: Unarmed           |     1 |       |       |       ||     1
       Mace              |    14 |     5 |    25 |       ||    44
       Short sword       |    14 |    28 |    42 |    45 ||   129
       Lajatang          |       |       |       |     3 ||     3
Throw: Dart              |     4 |       |       |       ||     4
 Cast: Shock             |    68 |    77 |    86 |   180 ||   411
       Stone Arrow       |       |     3 |    38 |   108 ||   149
       Airstrike         |       |       |    10 |    18 ||    28
       Iskenderun's Batt |       |       |     1 |    77 ||    78
       Sticky Flame      |       |       |       |     1 ||     1
       Swiftness         |       |       |       |     1 ||     1
 Abil: Hop               |     3 |     3 |     1 |     6 ||    13
Evoke: Wand              |       |     1 |       |     3 ||     4
  Use: Scroll            |       |       |       |    15 ||    15
       Potion            |       |       |       |     1 ||     1
 Stab: Sleeping          |     1 |       |       |       ||     1
Armor: Robe              |    22 |    19 |    27 |       ||    68
       Acid dragon scale |       |       |    12 |    39 ||    51
       Leather armour    |       |       |       |    47 ||    47
Dodge: Dodged            |    29 |    25 |    69 |   118 ||   241
Block: Buckler           |       |       |       |     8 ||     8

Table legend: (Time is in decaauts)
 A = Elapsed time spent in this place.
 B = Non-inter-level travel time spent in this place.
 C = Inter-level travel time spent in this place.
 D = Time resting spent in this place.
 E = Time spent auto-exploring this place.
 F = Levels seen in this place.
 G = Mean time per level.
                   A        B        C        D        E       F      G
               +--------+--------+--------+--------+--------+-----+--------+
         Total |  19246 |  18810 |    436 |   5604 |   7678 |  15 | 1283.1 |
       Dungeon |  18663 |  18227 |    436 |   5505 |   7678 |  13 | 1435.6 |
        Temple |     94 |     94 |      0 |      0 |      0 |   1 |   94.0 |
      Gauntlet |    489 |    489 |      0 |     99 |      0 |   1 |  489.0 |
               +--------+--------+--------+--------+--------+-----+--------+

Top non-repeatable levels by time:
    D:11: 2213 daAuts
     D:1: 1889 daAuts
    D:12: 1830 daAuts
     D:5: 1802 daAuts
    D:10: 1718 daAuts
     D:7: 1660 daAuts
     D:8: 1432 daAuts
     D:6: 1391 daAuts
     D:3: 1202 daAuts
     D:9: 1171 daAuts
     D:4: 1113 daAuts
     D:2: 968 daAuts
Gauntlet: 489 daAuts
    D:13: 267 daAuts
  Temple: 94 daAuts
